 Dungeon Crawl Stone Soup version 0.19.1 (webtiles) character file.

42 LadySerpentine the Grave Robber (level 3, 0/24 HPs)
             Began as a Demonspawn Necromancer on Dec 1, 2016.
             Slain by a jackal (1 damage)
             ... on level 1 of the Dungeon.
             The game lasted 00:09:46 (1950 turns).

LadySerpentine the Grave Robber (DsNe)              Turns: 1950, Time: 00:09:47

Health: 0/24       AC:  5    Str:  8    XL:     3   Next: 33%
Magic:  11/16      EV: 12    Int: 17    God:
Gold:   33         SH:  0    Dex: 13    Spells: 1 memorised, 6 levels left

rFire  . . .     SeeInvis .     f - +0 short sword
rCold  . . .     Gourm    .     a - +0 robe
rNeg   . . .     Faith    .     (no shield)
rPois  .         Spirit   .     (no helmet)
rElec  .         Reflect  .     (no cloak)
rCorr  .         Harm     .     (no gloves)
MR     .....                    (no boots)
Stlth  ++........               (no amulet)
                                (no ring)
                                m - ring of magical power

@: no status effects
A: icy blue scales 2
a: no special abilities


You were on level 1 of the Dungeon.
You were not hungry.

You visited 1 branch of the dungeon, and saw 1 of its levels.

You collected 33 gold pieces.

Inventory:

Hand Weapons
 f - a +0 short sword (weapon)
Missiles
 d - 25 arrows
 g - 16 poisoned needles
Armour
 a - a +0 robe (worn)
Jewellery
 m - a ring of magical power (left hand)
Scrolls
 e - 2 scrolls of identify {unknown}
 h - 2 scrolls of random uselessness {unknown}
 i - a scroll of noise {unknown}
 n - a scroll of amnesia {unknown}
Potions
 j - a potion of might {unknown}
 k - a potion of curing {unknown}
 l - 2 potions of brilliance {unknown}
 p - a potion of cure mutation {unknown}
Books
 b - a book of Necromancy

   Spells                             Type                      Level
   a - Pain                           Necromancy                   1
   b - Animate Skeleton               Necromancy                   1
   c - Vampiric Draining              Necromancy                   3
   d - Regeneration                   Charms/Necromancy            3
   e - Animate Dead                   Necromancy                   4
   f - Control Undead                 Necromancy                   4
Comestibles
 c - 2 bread rations


   Skills:
 + Level 0.6 Short Blades
 - Level 1.7 Dodging
 - Level 1.8 Stealth
 * Level 2.7 Spellcasting
 - Level 4.9 Necromancy


You had 6 spell levels left.
You knew the following spells:

 Your Spells              Type           Power        Failure   Level  Hunger
a - Pain                  Necr           ###.         2%          1    #......


Dungeon Overview and Level Annotations

Branches:
Dungeon (1/15)

Altars:


Innate Abilities, Weirdness & Mutations

You are mostly covered in icy blue scales. (AC +3)


Message History

Press: ? - help, Shift-Dir - straight line, f/p - jackal
Aim: a jackal (moderately wounded, chance to defeat MR: 89%)
The jackal writhes in agony!
The jackal bites you.
* * * LOW HITPOINT WARNING * * *
The jackal bites you but does no damage.
Casting: Pain
Confirm with . or Enter, or press ? or * to list all spells.
Aiming: Pain
Press: ? - help, Shift-Dir - straight line, f/p - jackal
Aim: a jackal (almost dead, chance to defeat MR: 89%)
The jackal writhes in agony!
You kill the jackal!
The jackal closely misses you.
Casting: Pain
Confirm with . or Enter, or press ? or * to list all spells.
Aiming: Pain
Press: ? - help, Shift-Dir - straight line, f - jackal
Aim: a jackal (chance to defeat MR: 89%)
The jackal writhes in agony!
The jackal bites you.
You die...

#.# #####.## ##.## #.# #.#
####.### #.# #.# #.......
##.## ##'## #.##.##. #...#
##...###.##.##. #>#†##
##.....##.##.##. #....##
##.......#.##.#..
###...####..........##....
#......h@...........(....
#......†..####.......(........
#.#####..## ##.......####....
#..# ##....(## ####. #h.#
##...## #. ...# ##'## #. .##.#
#.# ## .h ..# #.#
#########.########


You could see a jackal.

Vanquished Creatures
  An adder (D:1)
  An ooze (D:1)
  A leopard gecko (D:1)
  A bat (D:1)
  2 giant cockroaches (D:1)
  3 goblins (D:1)
  3 hobgoblins (D:1)
  3 jackals (D:1)
  6 kobolds (D:1)
  4 rats (D:1)
25 creatures vanquished.

Notes
Turn   | Place    | Note
-------+----------+-------------------------------------------
     0 | D:1      | LadySerpentine the Demonspawn Necromancer began the quest for the Orb.
     0 | D:1      | Reached XP level 1. HP: 13/13 MP: 3/3
   296 | D:1      | Gained mutation: You are partially covered in icy blue scales. (AC +2) [demonic ancestry]
   296 | D:1      | Reached XP level 2. HP: 18/19 MP: 1/5
  1846 | D:1      | Gained mutation: You are mostly covered in icy blue scales. (AC +3) [demonic ancestry]
  1846 | D:1      | Reached XP level 3. HP: 24/24 MP: 6/6
  1950 | D:1      | Slain by a jackal

Action                   || total
-------------------------++-------
Melee: Short sword       ||    89
 Cast: Pain              ||    33
 Stab: Sleeping          ||     1
       Distracted        ||     1
  Eat: Bread ration      ||     1
Armor: Robe              ||    55
Dodge: Dodged            ||   124
